 Dungeon Crawl Stone Soup version 0.22.1-2-g9c5b331383 (webtiles) character file.

228 Adamkad1 the Sneak (level 5, 0/25 HPs)
             Began as a Spriggan Enchanter on Dec 19, 2018.
             Succumbed to a worker ant's poison
             ... on level 2 of the Dungeon.
             The game lasted 00:07:18 (3864 turns).

Adamkad1 the Sneak (Spriggan Enchanter)             Turns: 3864, Time: 00:07:19

Health: 0/25       AC:  2    Str:  4    XL:     5   Next: 70%
Magic:  11/11      EV: 20    Int: 17    God:
Gold:   152        SH:  0    Dex: 17    Spells: 8/11 levels left

rFire    . . .     SeeInvis +   e - +1 dagger (elec)
rCold    . . .     Gourm    .   (shield restricted)
rNeg     . . .     Faith    .   b - +0 robe
rPois    .         Spirit   .   (helmet restricted)
rElec    .         Reflect  .   (no cloak)
rCorr    .         Harm     .   (gloves unavailable)
MR       .....                  (boots unavailable)
Stlth    +++.......             (no amulet)
HPRegen  0.08/turn              (no ring)
MPRegen  0.12/turn              (no ring)

@: lethally poisoned (0 -> -5), starving, very quick
A: very small, unfitting armour, see invisible, herbivore, speed 3, slow
metabolism 2
a: no special abilities


You were on level 2 of the Dungeon.
You were starving.

You visited 1 branch of the dungeon, and saw 3 of its levels.

You collected 152 gold pieces.

Inventory:

Hand Weapons
 a - a +1 dagger
 e - a +1 dagger of electrocution (weapon)
Armour
 b - a +0 robe (worn)
Jewellery
 m - a cursed ring of attention {unknown}
Scrolls
 d - a scroll of random uselessness {unknown}
 f - a scroll of immolation {unknown}
 g - a scroll of amnesia {unknown}
 j - 4 scrolls of identify {unknown}
 l - a scroll of fog {unknown}
 n - a scroll of teleportation {unknown}
 o - a scroll of noise {unknown}
Potions
 c - a potion of ambrosia {unknown}
 h - a potion of curing {unknown}
 i - a potion of berserk rage {unknown}
 k - 2 potions of mutation {unknown}


   Skills:
 + Level 1.3 Fighting
 + Level 2.2 Short Blades
 * Level 4.8 Dodging
 * Level 6.2 Stealth
 + Level 3.5 Spellcasting
 * Level 4.6 Hexes


You had 8 spell levels left.
You knew the following spells:

 Your Spells              Type           Power        Failure   Level  Hunger
a - Corona                Hex            ###....      2%          1    None
b - Ensorcelled Hibernat  Hex/Ice        ##....       10%         2    ##.....

Your spell library contained the following spells:

 Spells                   Type           Power        Failure   Level  Hunger
 Confuse                  Hex            ###.....     8%          3    ###....
 Tukima's Dance           Hex            ###.....     8%          3    ###....
 Dazzling Spray           Conj/Hex       ##....       19%         3    ###....


Dungeon Overview and Level Annotations

Branches:
Dungeon (3/15)

Altars:


Innate Abilities, Weirdness & Mutations

You are very small and have problems with some larger weapons.
You are too small for most types of armour.
You have supernaturally acute eyesight. (SInv)
You are a herbivore.
You cover ground extremely quickly.
You need to consume almost no food.


Message History

* * * LOW HITPOINT WARNING * * *
You feel sick.
* * * LOW HITPOINT WARNING * * *
You feel sick.
* * * LOW HITPOINT WARNING * * *
You feel sick.
Unknown command.
There is a stone staircase leading up here.
* * * LOW HITPOINT WARNING * * *
You feel sick.
You climb upwards.
* * * LOW HITPOINT WARNING * * *
You feel sick.
There is a stone staircase leading down here.
Unknown command.
* * * LOW HITPOINT WARNING * * *
You feel sick.
* * * LOW HITPOINT WARNING * * *
You feel sick.
You die...

#.# #..)......# #.#. #.#
#.###.....# #... #.# #.#
#.#>..######### #### #.# ##.#
#.##.........)###### # #.#
#..# #.##.##............# #
#.# #.## #.##.##.#####.####.#
# #.###.####.##..#.# #.# #.#
# #.#.>..........#.# #.####<#
# #..........##.@#.# #...##.#
# ###.#.####.##..#.#
###.##.### #.#.####.##..#.#
#.##.##. #.#.##...##..#.#
#.##.#.. #.#.##.####..#.#
#.##.#..
#....#.####..#.#######.##.#.#
#...............>............
##...#.#####................#
##.##.#####.#########.######


There were no monsters in sight!

Vanquished Creatures
  A bullfrog (D:3)
  An orc priest (D:2)
  3 gnolls (D:3)
  3 adders
  2 worms (D:3)
  A dart slug (D:3)
  A leopard gecko (D:2)
  7 orcs
  13 bats
  2 giant cockroaches (D:1)
  8 goblins
  5 hobgoblins
  6 jackals (D:2)
  8 kobolds
  A ball python (D:3)
  3 frilled lizards
  A rat (D:1)
66 creatures vanquished.

Notes
Turn   | Place    | Note
-------+----------+-------------------------------------------
     0 | D:1      | Adamkad1 the Spriggan Enchanter began the quest for the
                  | Orb.
     0 | D:1      | Reached XP level 1. HP: 9/9 MP: 5/5
   482 | D:1      | Reached XP level 2. HP: 1/13 MP: 3/6
   989 | D:1      | Learned a level 2 spell: Ensorcelled Hibernation
  1649 | D:1      | Reached skill level 5 in Stealth
  1649 | D:1      | Reached XP level 3. HP: 15/17 MP: 0/8
  2022 | D:2      | Reached XP level 4. HP: 14/21 MP: 2/9
  3115 | D:3      | Reached skill level 1 in Fighting
  3205 | D:3      | Noticed a bullfrog
  3232 | D:3      | Killed a bullfrog
  3232 | D:3      | Reached XP level 5. HP: 25/25 MP: 7/11
  3280 | D:3      | Reached skill level 6 in Stealth
  3859 | D:2      | HP: 1/25 [poisoned by a worker ant]
  3864 | D:2      | Succumbed to a worker ant's poison

Skill      XL: |  1  2  3  4  5 |
---------------+----------------+-----
Stealth        | 5 6 |  6.2
Hexes          | 4 |  4.6
Spellcasting   | 3 |  3.5
Dodging        | 4 |  4.8
Fighting       | 1 |  1.3
Short Blades   | 2 |  2.2

Action                   |  1- 3 |  4- 6 || total
-------------------------+-------+-------++-------
Melee: Dagger            |    72 |    73 ||   145
 Cast: Corona            |    10 |       ||    10
       Ensorcelled Hiber |    28 |    31 ||    59
 Stab: Sleeping          |    14 |    26 ||    40
  Eat: Ration            |       |     1 ||     1
Armor: Robe              |    11 |    15 ||    26
Dodge: Dodged            |    75 |    99 ||   174
